 Dungeon Crawl Stone Soup version 0.28-a0-1184-g53156a8862 (console) character file.

Game seed: 5760229338581419641

3 Goblin1989 the Sneak (level 1, 0/16 HPs)
             Began as a Demonspawn Brigand on Dec 18, 2021.
             Slain by an adder (2 damage)
             ... on level 2 of the Dungeon.
             The game lasted 00:01:22 (169 turns).

Goblin1989 the Sneak (Demonspawn Brigand)            Turns: 169, Time: 00:01:22

Health: 0/16       AC:  3    Str: 11    XL:     1   Next: 41%
Magic:  1/1        EV: 11    Int: 12    God:
Gold:   0          SH:  0    Dex: 14    Spells: 0/0 levels left

rFire   . . .      SeeInvis .   a - +2 dagger
rCold   . . .      Faith    .   (no shield)
rNeg    . . .      Spirit   .   b - +0 robe
rPois   .          Reflect  .   (no helmet)
rElec   .          Harm     .   c - +0 cloak
rCorr   .          Rampage  .   (no gloves)
Will    .....                   (no boots)
Stlth   ++........              (no amulet)
HPRegen 0.05/turn               (no ring)
MPRegen 0.07/turn               (no ring)

@: lethally poisoned (0 -> -6)
A: no striking features
a: no special abilities


You were on level 2 of the Dungeon.
You visited 1 branch of the dungeon, and saw 2 of its levels.

Inventory:

Hand Weapons
 a - a +2 dagger (weapon)
Missiles
 d - 8 poisoned darts (quivered)
 e - 2 curare-tipped darts
Armour
 b - a +0 robe (worn)
 c - a +0 cloak (worn)
Scrolls
 f - a scroll of torment {unknown}


   Skills:
 - Level 2.0 Fighting
 + Level 1.9 Short Blades
 - Level 1.7 Throwing
 - Level 0.8 Dodging
 + Level 3.7 Stealth


You couldn't memorise any spells.
You didn't know any spells.
Your spell library was empty.

Dungeon Overview and Level Annotations

Branches:
Dungeon (1/15)

Altars:


Message History

The hobgoblin is heavily wounded.
The hobgoblin hits you.
You take 1 damage, and have 15/16 hp.
You hit the hobgoblin.
The hobgoblin is severely wounded.
The hobgoblin hits you but does no damage.
You closely miss the hobgoblin.
The hobgoblin is severely wounded.
The hobgoblin hits you.
You take 1 damage, and have 14/16 hp.
You hit the hobgoblin.
You kill the hobgoblin!
No target in view!
No target in view!
No target in view!
No target in view!
HP restored.
A goblin comes into view. It is wielding a +0 club.
Health restored: 16 The goblin shouts!
The goblin hits you with a +0 club.
You hit the goblin.
You kill the goblin!
You take 1 damage, and have 15/16 hp.
No target in view!
No target in view!
No target in view!
No target in view!
No target in view!
No target in view!
No target in view!
No target in view!
No target in view!
No target in view!
No target in view!
No target in view!
No target in view!
No target in view!
No target in view!
No target in view!
No target in view!
No target in view!
No target in view!
No target in view!
No target in view!
No target in view!
No target in view!
Things that are here:
a +0 club; a goblin corpse; Health restored: 16 You see here a +0 leather armour.
Found an escape hatch in the floor.
There is an escape hatch in the floor here.
f - a scroll labelled ETWIK DATAST
There is an escape hatch in the floor here.
There is an escape hatch in the floor here.
Found an escape hatch in the floor.
No target in view!
A sourceless malevolence fills the Dungeon...
You fall into a shaft and drop 1 floor!
The shaft crumbles and collapses.
An adder and an endoplasm come into view.
The adder hisses angrily.
Unknown command.
Found 15 bolts.
A kobold comes into view. It is wielding a +0 club.
You open the door.
The kobold shouts!
A worm comes into view.
Found an escape hatch in the floor.
The kobold throws a stone.
The stone hits you but does no damage.
There is an open door here.
The adder bites you.
You are poisoned.
The adder poisons you!
You take 2 damage, and have 14/16 hp.
You hit the adder.
The adder is heavily wounded.
You feel sick. The adder closely misses you.
You take 2 damage, and have 12/16 hp.
You closely miss the adder.
The adder is heavily wounded.
You feel sick. The adder closely misses you. The adder bites you.
You are lethally poisoned!
The adder poisons you!
You take 3 damage, and have 9/16 hp.
You are too injured to fight recklessly!
You are too injured to fight recklessly!
You are too injured to fight recklessly!
Unknown command.
You hit the adder but do no damage.
The adder is heavily wounded.
* * * LOW HITPOINT WARNING * * *
You feel sick. The adder bites you.
* * * LOW HITPOINT WARNING * * *
You take 6 damage, and have 3/16 hp.
MASSIVE DAMAGE!!
You barely miss the adder.
The adder is heavily wounded.
* * * LOW HITPOINT WARNING * * *
You feel sick. The adder bites you.
You die... ....... ♣█ .>..... .. ....... .█....... ......... █........ █........ █@█ ██▲█S███

█......█...
█...........
█..........w
█..........K
█...........
█..........(
............


You could see an adder.

Vanquished Creatures
  A goblin (D:1)
  A hobgoblin (D:1)
  A kobold (D:1)
3 creatures vanquished.

Notes
Turn   | Place    | Note
-------+----------+-------------------------------------------
     0 | D:1      | Goblin1989 the Demonspawn Brigand began the quest for the
                  | Orb.
     0 | D:1      | Reached XP level 1. HP: 16/16 MP: 1/1
   160 | D:1      | You fall into a shaft and drop 1 floor!
   169 | D:2      | Slain by an adder

Illustrated notes

Levels and vault maps discovered:
D:1:      evilmike_arrival_hilbert_curve, layout_basic,
          hellmonk_ecumenical_altar_leap_of_faith, due_unseen_surprise
D:2:      layout_basic, grunt_ministairs_12, serial_bayou_crossing

Action                   || total
-------------------------++-------
Melee: Dagger            ||    12
Armor: Robe              ||     3
Dodge: Dodged            ||     3

Table legend: (Time is in decaauts)
 A = Elapsed time spent in this place.
 B = Non-inter-level travel time spent in this place.
 C = Inter-level travel time spent in this place.
 D = Time resting spent in this place.
 E = Time spent auto-exploring this place.
 F = Levels seen in this place.
 G = Mean time per level.
                   A        B        C        D        E       F      G
               +--------+--------+--------+--------+--------+-----+--------+
         Total |    167 |    167 |      0 |      0 |    131 |   2 |   83.5 |
       Dungeon |    167 |    167 |      0 |      0 |    131 |   2 |   83.5 |
               +--------+--------+--------+--------+--------+-----+--------+

Top non-repeatable levels by time:
     D:1: 159 daAuts
     D:2: 8 daAuts
